 Dungeon Crawl Stone Soup version 0.30-a0-782-ge64f9170bb (webtiles) character file.

Game seed: 3936283212140264868

36 funkygono the Covered (level 3, -1/33 HPs)
             Began as a Minotaur Fighter on Mar 15, 2023.
             Slain by Grinder (6 damage)
             ... on level 3 of the Dungeon.
             The game lasted 00:01:58 (1624 turns).

funkygono the Covered (Minotaur Fighter)            Turns: 1624, Time: 00:01:59

Health: -1/33      AC:  7    Str: 22    XL:     3   Next: 19%
Magic:  2/2        EV:  9    Int:  5    God:
Gold:   80         SH:  4    Dex:  9    Spells: 2/2 levels left

rFire   . . .      SeeInvis .    a - +0 war axe
rCold   . . .      Faith    .    c - +0 buckler
rNeg    . . .      Spirit   .    b - +0 scale mail
rPois   +          Reflect  .    (helmet restricted)
rElec   .          Harm     .    (no cloak)
rCorr   .          Rampage  .    (no gloves)
Will    +....                    (no boots) Stlth
                                 (no amulet)
HPRegen 0.25/turn                l - ring of willpower
MPRegen 0.08/turn                o - ring of poison resistance

@: no status effects
A: horns 2, retaliatory headbutt
a: no special abilities


You were on level 3 of the Dungeon.
You visited 1 branch of the dungeon, and saw 3 of its levels.

You collected 80 gold pieces.

Inventory:

Hand Weapons
 a - a +0 war axe (weapon)
Missiles
 h - 7 boomerangs (quivered)
 k - 3 throwing nets
Armour
 b - a +0 scale mail (worn)
 c - a +0 buckler (worn)
Jewellery
 l - a ring of willpower (left hand)
 o - a ring of poison resistance (right hand)
Wands
 m - a wand of quicksilver (10)
 u - a wand of paralysis (14)
Scrolls
 f - 3 scrolls of blinking {unknown}
 g - 7 scrolls of identify {unknown}
 i - a scroll of fear {unknown}
 p - a scroll of brand weapon {unknown}
 q - a scroll of immolation {unknown}
 r - 2 scrolls of teleportation {unknown}
Potions
 d - 2 potions of might
 e - a potion of magic {unknown}
 j - a potion of lignification {unknown}
 n - a potion of mutation {unknown}
 s - 2 potions of curing {unknown}
 t - a potion of haste {unknown}


   Skills:
 + Level 4.2 Fighting
 + Level 2.7 Axes
 + Level 4.3 Armour
 + Level 4.0 Shields


You had 2 spell levels left.
You didn't know any spells.
Your spell library contained the following spells:

 Spells                   Type           Power      Damage    Failure   Level
 Blink                    Tloc           0%         N/A       95%         2
 Lesser Beckoning         Tloc           0%         N/A       95%         2
 Momentum Strike          Conj/Tloc      0%         3d8       95%         2
 Gell's Gravitas          Tloc           0%         N/A       99%         3
 Teleport Other           Tloc           0%         N/A       99%         3


Dungeon Overview and Level Annotations

Branches:
Dungeon (3/15)

Altars:

Annotations:
D:3 Grinder


Innate Abilities, Weirdness & Mutations

You have a pair of horns on your head.
You reflexively headbutt those who attack you in melee.


Message History

The slug dart hits you.
You see here a scroll labelled BILESA ILIT.
The dart slug launches a dart at you. You block the slug dart.
Grinder says, "Mostly I couldn't keep them alive."
Grinder gestures at you. You resist with significant effort.
You block Grinder's attack.
You hit Grinder. Your headbutt misses Grinder.
Grinder is lightly wounded.
Grinder barely misses you.
You closely miss Grinder. Your headbutt misses Grinder.
Grinder is lightly wounded.
Grinder gestures at you.
You suddenly lose the ability to move!
Grinder hits you.
You writhe in agony.
Grinder hits you but does no damage. x2
Grinder gestures at you.
You easily resist.
You can move again.
You barely miss Grinder.
Grinder is lightly wounded.
You block Grinder's attack.
You closely miss Grinder. Your headbutt misses Grinder.
Grinder is lightly wounded.
Grinder hits you!
* * * LOW HITPOINT WARNING * * *
The dart slug launches a dart at you. The slug dart hits you.
* * * LOW HITPOINT WARNING * * *
You closely miss Grinder. Your headbutt misses Grinder.
Grinder is lightly wounded.
Grinder blinks!
You hit the dart slug.
The dart slug is lightly wounded.
The dart slug bites you.
* * * LOW HITPOINT WARNING * * *
You slash the dart slug!
You kill the dart slug!
Grinder hits you.
You die...

#...#.##.##..# ##.##..
..^.#.##.###+####..###
..#...#.##.#......#.....
..#####.##.#............
........##.#.....###....
#..............# #....
#...........######....
#....5......#.........
#######@#######.........
.......†.....##....†....
#######......##.........
#..?...##.........
#......##.........
#......##......###
#......##......#
#......##......#
...............#


You could see Grinder.

Vanquished Creatures
  2 worms (D:2)
  2 dart slugs
  A bat (D:2)
  2 endoplasms
  2 giant cockroaches (D:2)
  3 goblins
  4 jackals (D:1)
  4 quokkas
  A ball python (D:1)
  A frilled lizard (D:1)
  2 kobolds (D:2)
  A rat (D:1)
25 creatures vanquished.

Notes
Turn   | Place    | Note
-------+----------+-------------------------------------------
     0 | D:1      | funkygono the Minotaur Fighter began the quest for the Orb.
     0 | D:1      | Reached XP level 1. HP: 19/19 MP: 0/0
   375 | D:1      | Reached XP level 2. HP: 27/27 MP: 1/1
  1060 | D:2      | Reached XP level 3. HP: 33/33 MP: 2/2
  1448 | D:3      | Found a faded altar of an unknown god.
  1604 | D:3      | Noticed Grinder
  1616 | D:3      | Paralysed by Grinder for 4 turns
  1624 | D:3      | Slain by Grinder

Illustrated notes

Levels and vault maps discovered:
D:1:      nagdon_arrival_zigzag_paths, layout_basic, serial_glass,
          glass_columns_a, glass_columns_c, glass_columns_b, glass_columns_c,
          glass_columns_a, glass_columns_c, glass_columns_a, glass_columns_a,
          glass_columns_c, glass_columns_a, minmay_strange_pillars,
          item_on_display_b, minmay_strange_pillars
D:2:      layout_loops_ring
D:3:      layout_basic, nicolae_ecumenical_pavilion, uniq_grinder, uniq_jessica,
          uniq_crazy_yiuf_cottage

Skill      XL: |  1  2 |
---------------+-------+-----
Armour         | 4 |  4.3
Shields        | 4 |  4.0
Fighting       | 4 |  4.2
Axes           | |  2.7

Action                     || total
---------------------------++-------
  Melee: War axe           ||    47
         Headbutt          ||     6
 Armour: Scale mail        ||    15
  Dodge: Dodged            ||    25
  Block: Buckler           ||    12

Table legend: (Time is in decaauts)
 A = Elapsed time spent in this place.
 B = Non-inter-level travel time spent in this place.
 C = Inter-level travel time spent in this place.
 D = Time resting spent in this place.
 E = Time spent auto-exploring this place.
 F = Levels seen in this place.
 G = Mean time per level.
                   A        B        C        D        E       F      G
               +--------+--------+--------+--------+--------+-----+--------+
         Total |   1641 |   1575 |     66 |      0 |   1373 |   3 |  547.0 |
       Dungeon |   1641 |   1575 |     66 |      0 |   1373 |   3 |  547.0 |
               +--------+--------+--------+--------+--------+-----+--------+

Top non-repeatable levels by time:
     D:1: 781 daAuts
     D:2: 680 daAuts
     D:3: 179 daAuts
